 Dungeon Crawl Stone Soup version 0.20.0-15-g7f486f2 (webtiles) character file.

3780 raph the Grappler (level 9, -1/84 HPs)
             Began as a Troll Monk on June 13, 2017.
             Was a Priest of Qazlal.
             Slain by a wolf (6 damage)
             ... led by Grum
             ... on level 8 of the Dungeon.
             The game lasted 00:19:24 (7215 turns).

raph the Grappler (Troll Monk)                      Turns: 7215, Time: 00:19:25

Health: -1/84      AC:  5    Str: 22    XL:     9   Next: 95%
Magic:  11/11      EV: 12    Int:  9    God:    Qazlal [***...]
Gold:   382        SH:  4    Dex: 14    Spells: 8/8 levels left

rFire    + . .     SeeInvis .     - Unarmed
rCold    + . .     Gourm    +   (no shield)
rNeg     . . .     Faith    .   a - +0 robe
rPois    .         Spirit   .   (helmet restricted)
rElec    +         Reflect  .   t - scarf {repulsion}
rCorr    .         Harm     .   (gloves unavailable)
MR       .....                  (boots unavailable)
Stlth    +.........             v - amulet "Furhirygi" {+Rage rElec}
Regen    0.7/turn               B - ring "Decrasch" {rElec rF+ Int+3 Slay+2}
MPRegen  0.2/turn               A - ring of protection from cold

@: berserk cooldown, slowed, repel missiles, very slow
A: unfitting armour, claws 3, fast metabolism 3, gourmand, regeneration 1,
shaggy fur 1, tough skin 2
a: Upheaval, Elemental Force, Renounce Religion, Evoke Berserk Rage


You were on level 8 of the Dungeon.
You worshipped Qazlal.
Qazlal was most pleased with you.
You were very full.

You visited 2 branches of the dungeon, and saw 9 of its levels.

You collected 382 gold pieces.

Inventory:

Hand Weapons
 d - a +0 giant club
Missiles
 F - 2 tomahawks (quivered)
Armour
 a - a +0 robe (worn)
 k - a +0 cloak
 t - a scarf of repulsion (worn)
Jewellery
 r - an uncursed ring of protection from fire
 v - the amulet "Furhirygi" (around neck) {+Rage rElec}
   (You found it on level 4 of the Dungeon)

   [amulet of rage]

   It insulates you from electricity.
   It lets you go berserk.
 A - a ring of protection from cold (right claw)
 B - the ring "Decrasch" (left claw) {rElec rF+ Int+3 Slay+2}
   (You found it on level 5 of the Dungeon)

   [ring of protection from fire]

   It affects your intelligence (+3).
   It affects your accuracy and damage with ranged weapons and melee attacks
   (+2).
   It protects you from fire.
   It insulates you from electricity.
Wands
 n - a wand of polymorph (17/24)
 p - a wand of random effects (30/48)
 q - a wand of polymorph (12/24)
 s - a wand of flame (22/48)
 x - a wand of disintegration (13/24)
 y - a wand of iceblast (7/15)
 D - a wand of flame (21/48)
Scrolls
 f - 3 scrolls of fog
 i - a scroll of teleportation
 l - 2 scrolls of identify
 m - 5 scrolls of remove curse
Potions
 c - 5 potions of curing
 e - 3 potions of might
 h - a potion of agility
 j - 2 potions of invisibility
 C - a potion of flight {unknown}
Books
 w - a book of Cantrips

   Spells                             Type                      Level
   a - Confusing Touch                Hexes                        1
   b - Animate Skeleton               Necromancy                   1
   c - Summon Small Mammal            Summoning                    1
   d - Apportation                    Translocation                1
 z - a book of Conjurations

   Spells                             Type                      Level
   a - Magic Dart                     Conjuration                  1
   b - Searing Ray                    Conjuration                  2
   c - Dazzling Spray                 Conjuration/Hexes            3
   d - Fulminant Prism                Conjuration/Hexes            4
   e - Force Lance                    Conjuration/Translocation    4
   f - Iskenderun's Mystic Blast      Conjuration                  4
Comestibles
 b - 6 bread rations
 g - 4 royal jellies
 o - 4 meat rations
 u - a fruit


   Skills:
 - Level 4.2 Fighting
 - Level 4.1 Dodging
 - Level 1.0 Stealth
 * Level 10.4 Unarmed Combat
 + Level 5.0 Invocations
 + Level 4.4 Evocations


You had 8 spell levels left.
You didn't know any spells.

Dungeon Overview and Level Annotations

Branches:
Dungeon (8/15)             Temple (1/1) D:5
   Lair: D:8-11

Altars:
Cheibriados
Dithmenos
Elyvilon
Fedhas
Gozag
Hepliaklqana
Kikubaaqudgha
Makhleb
Nemelex Xobeh
Okawaru
Qazlal
Ru
Sif Muna
Trog
Uskayaw
Vehumet
Xom
Yredelemnul
Zin
The Shining One


Innate Abilities, Weirdness & Mutations

You are too large for most types of armour.
You have claws for hands.
Your metabolism is lightning-fast.
You like to eat raw meat.
Your natural rate of healing is unusually fast.
You are covered in fur. (AC +1)
You have very tough skin. (AC +2)


Message History

You scratch the wolf but do no damage.
The wolf is lightly wounded.
The wolf bites you but does no damage. The wolf bites you.
* * * LOW HITPOINT WARNING * * *
You claw the wolf!
The wolf is almost dead.
The wolf bites you!
* * * LOW HITPOINT WARNING * * *
The wolf bites you.
* * * LOW HITPOINT WARNING * * *
You feel better. The wolf closely misses you.
The wolf bites you but does no damage. The wolf closely misses you.
As you read the scroll of fog, it crumbles to dust.
The scroll dissolves into smoke.
The wolf bites you.
* * * LOW HITPOINT WARNING * * *
You block the wolf's attack. The wolf bites you!
* * * LOW HITPOINT WARNING * * *
The wolf barely misses you. The wolf bites you.
You die...

# ## ##### #.
#############...## #.
#................#######.
#.########............... #.
###§............## ##.#
#§§........####.## ##...#
#@#..........##...
##.!...####h#.##....##.#####
.......o§§hh#.#####.# ....(.
........§####.# #.# .####
≈.....)o## #.# #.# ..
≈≈......# #.# #.# .#
≈≈≈≈..... .# ≈≈≈≈≈≈≈..
≈≈≈≈≈....#


You could see 3 wolves.

Vanquished Creatures
  The ghost of bli the Skirmisher, a novice FoAK of Lugonu (D:6)
  A hippogriff (D:7)
  A wyvern (D:8)
  Eustachio (D:6)
  Grum (D:8)
  Menkaure (D:5)
  2 ice beasts
  An orc warrior (D:7)
  2 phantoms
  4 ogres
  A wolf (D:8)
  2 centaurs
  A big kobold (D:6)
  4 bullfrogs
  A scorpion (D:5)
  A killer bee (D:7)
  A howler monkey (D:8)
  2 crimson imps
  A centaur zombie (D:5)
  A jelly (D:7)
  Crazy Yiuf (D:2)
  A gnoll shaman (D:5)
  4 orc priests
  2 centaur skeletons
  2 hounds
  6 orc wizards
  2 bullfrog skeletons
  Terence (D:2)
  Ijyb (D:4)
  5 worker ants
  A hound zombie (D:5)
  A hound skeleton (D:4)
  2 worker ant zombies (D:6)
  10 gnolls
  15 adders
  An adder skeleton (D:5)
  5 worms
  A dart slug (D:3)
  4 leopard geckos
  25 orcs
  5 giant cockroaches
  6 goblins
  10 hobgoblins
  5 jackals
  15 kobolds
  2 quokkas
  11 bats
  6 frilled lizards
  A leopard gecko zombie (D:7)
  A quokka skeleton (D:8)
  10 rats
192 creatures vanquished.

Vanquished Creatures (collateral kills)
  3 killer bees (D:7)
3 creatures vanquished.

Vanquished Creatures (others)
  A bullfrog (D:8)
  An orc (D:8)
  A giant cockroach (D:4)
3 creatures vanquished.

Grand Total: 198 creatures vanquished

Notes
Turn   | Place    | Note
-------+----------+-------------------------------------------
     0 | D:1      | raph the Troll Monk began the quest for the Orb.
     0 | D:1      | Reached XP level 1. HP: 22/22 MP: 0/0
   227 | D:1      | Reached XP level 2. HP: 29/29 MP: 1/1
   918 | D:2      | Reached XP level 3. HP: 36/36 MP: 2/2
  1030 | D:2      | Noticed Terence
  1039 | D:2      | Killed Terence
  1039 | D:2      | Reached skill level 4 in Unarmed Combat
  1039 | D:2      | Reached XP level 4. HP: 45/45 MP: 3/3
  1327 | D:2      | You fall through a shaft for 2 floors!
  1350 | D:4      | Noticed an ogre
  1360 | D:4      | Killed an ogre
  1360 | D:4      | Reached XP level 5. HP: 41/53 MP: 4/4
  1495 | D:4      | Reached XP level 6. HP: 53/61 MP: 5/5
  1549 | D:4      | Found a white marble altar of Elyvilon.
  1553 | D:4      | Reached skill level 5 in Unarmed Combat
  1705 | D:3      | Found a glowing silver altar of Zin.
  2343 | D:2      | Found a runed door.
  2347 | D:2      | Noticed Crazy Yiuf
  2351 | D:2      | Killed Crazy Yiuf
  3030 | D:4      | Reached XP level 7. HP: 39/70 MP: 6/6
  3085 | D:4      | Got a twitching diamond amulet
  3086 | D:4      | Identified the amulet "Furhirygi" {+Rage rElec} (You found it on level 4 of the Dungeon)
  3217 | D:4      | Noticed Ijyb
  3221 | D:4      | Killed Ijyb
  3224 | D:4      | Reached skill level 6 in Unarmed Combat
  3603 | D:5      | Entered Level 5 of the Dungeon
  3686 | D:5      | Found a staircase to the Ecumenical Temple.
  3697 | D:5      | Reached skill level 1 in Evocations
  3768 | Temple   | Entered the Ecumenical Temple
  3911 | Temple   | Became a worshipper of Qazlal Stormbringer
  3911 | Temple   | Reached * piety under Qazlal
  3911 | Temple   | Reached ** piety under Qazlal
  4025 | D:5      | Reached skill level 1 in Invocations
  4148 | D:5      | Reached skill level 7 in Unarmed Combat
  4148 | D:5      | Reached XP level 8. HP: 78/78 MP: 8/8
  4225 | D:5      | Got a fine pewter ring
  4229 | D:5      | Identified the ring "Decrasch" {rElec rF+ Int+3 Slay+2} (You found it on level 5 of the Dungeon)
  4332 | D:5      | Found an opulent altar of Gozag.
  4421 | D:5      | Noticed Menkaure
  4431 | D:5      | Killed Menkaure
  4590 | D:6      | Noticed bli's ghost (novice FoAK)
  4593 | D:6      | Reached skill level 8 in Unarmed Combat
  4600 | D:6      | Killed bli's ghost
  4621 | D:6      | Noticed Eustachio
  4661 | D:6      | Killed Eustachio
  4661 | D:6      | Reached XP level 9. HP: 36/84 MP: 10/10
  4989 | D:6      | Found a hide-covered altar of Uskayaw.
  5341 | D:6      | Found a hazy altar of Hepliaklqana.
  5410 | D:6      | Reached *** piety under Qazlal
  5657 | D:6      | Reached skill level 9 in Unarmed Combat
  5903 | D:7      | Found a deep blue altar of Sif Muna.
  5956 | D:7      | Found a radiant altar of Vehumet.
  6705 | D:7      | Identified a scroll of acquirement
  6959 | D:8      | Reached skill level 10 in Unarmed Combat
  7166 | D:8      | Reached skill level 5 in Invocations
  7191 | D:8      | Noticed Grum
  7199 | D:8      | Killed Grum
  7211 | D:8      | HP: 1/84 [wolf[Grum] (6)]
  7215 | D:8      | Slain by a wolf

Skill      XL: |  1  2  3  4  5  6  7  8  9 |
---------------+----------------------------+-----
Fighting       | 3 4 |  4.2
Dodging        | 3 4 |  4.1
Unarmed Combat | 4 5 7 8 10 | 10.4
Evocations     | 1 3 4 |  4.4
Invocations    | 1 3 5 |  5.0
Stealth        | |  1.0

Action                   |  1- 3 |  4- 6 |  7- 9 || total
-------------------------+-------+-------+-------++-------
Melee: Unarmed           |    81 |   167 |   276 ||   524
       Punch             |     1 |     3 |     9 ||    13
Invok: Elemental Force   |       |       |     1 ||     1
 Abil: Evoke Berserk Rag |       |       |     6 ||     6
  Use: Scroll            |       |       |    20 ||    20
       Potion            |       |       |     2 ||     2
 Stab: Sleeping          |     2 |       |       ||     2
  Eat: Chunk             |    15 |    13 |    48 ||    76
Armor: Robe              |    28 |    52 |    81 ||   161
Dodge: Dodged            |    36 |    96 |   169 ||   301
Block: Other             |       |       |    34 ||    34
